 Dungeon Crawl Stone Soup version 0.14-a0-445-g388476e (webtiles) character file.

227 PolkaDot the Ruinous (level 5, -3/37 HPs)
             Began as a Human Wanderer on Oct 30, 2013.
             Killed by divine providence
             ... invoked by an orc priest
              (11 damage)
             ... on Level 3 of the Dungeon.
             The game lasted 00:06:31 (1582 turns).

PolkaDot the Ruinous (Human Wanderer)               Turns: 1582, Time: 00:06:31

HP  -3/37        AC  5     Str 10      XL: 5   Next: 22%
MP   7/7         EV  9     Int 15      God:
Gold 110         SH  0     Dex 13      Spells:  0 memorised,  6 levels left

Res.Fire  : . . .   See Invis. : .   a - +3,+2 spear
Res.Cold  : . . .   Warding    : .   b - +0 ring mail
Life Prot.: . . .   Conserve   : .   (no shield)
Res.Poison: .       Res.Corr.  : .   (no helmet)
Res.Elec. : .       Clarity    : .   (no cloak)
Sust.Abil.: . .     Spirit.Shd : .   (no gloves)
Res.Mut.  : .       Stasis     : .   (no boots)
Res.Rott. : .       Flight     : .   m - amulet of rage
Saprovore : . . .                    (no ring)
                                     (no ring)

@: slightly resistant to hostile enchantments, extremely unstealthy
A: +10% mp
a: Evoke Berserk Rage


You were on level 3 of the Dungeon.
You were not hungry.

You visited 1 branch of the dungeon, and saw 3 of its levels.

You collected 60 gold pieces.

Inventory:

Hand weapons
 a - a +3,+2 spear (weapon)
Armour
 b - a +0 ring mail (worn)
 f - a +0 elven scale mail
Comestibles
 c - 3 bread rations
 d - 2 meat rations
 h - a rotting chunk of rat flesh
 i - 3 rotting chunks of hobgoblin flesh
 l - a chunk of jackal flesh
 n - a rotting chunk of adder flesh
 v - 4 chunks of orc flesh
 w - a chunk of adder flesh
Scrolls
 g - a scroll of curse weapon {unknown}
 j - a scroll of remove curse {unknown}
 k - 2 scrolls of identify {unknown}
 o - 2 scrolls of enchant weapon I {unknown}
 p - a scroll of enchant armour {unknown}
 s - a scroll of random uselessness {unknown}
Jewellery
 m - an amulet of rage (around neck)
Potions
 q - a potion of flight {unknown}
 r - 2 potions of poison {unknown}
 t - a potion of agility {unknown}
 u - a potion of confusion {unknown}


   Skills:
 - Level 2.0 Fighting
 * Level 3.8 Polearms
 - Level 1.0 Throwing
 + Level 2.2 Armour
 - Level 1.0 Spellcasting
   Level 4.0 Conjurations
   Level 1.0 Invocations


You had 6 spell levels left.
You didn't know any spells.

Dungeon Overview and Level Annotations

Branches:
Dungeon (3/27)

Altars:


Innate Abilities, Weirdness & Mutations

You have an increased reservoir of magic (+10% MP).


Message History

The orc wizard's eyes start to glow.
The orc wizard glows brightly for a moment.
The orc wizard gestures wildly while chanting.
You feel troubled.
The orc priest calls down the wrath of Beogh upon you.
Something smites you!
There is an open door here.
Items here: %% ))) an adder skeleton; an orc skeleton; an orcish war axe; an orcish club a glowing orcish falchion The orc wizard suddenly grunts, as Orcs often do.
Drink which item? (? for menu, Esc to quit)
You feel better.
The orc priest invokes the aid of Beogh against you.
Something smites you!
* * * LOW HITPOINT WARNING * * *
There is a stone staircase leading down here.
The orc priest calls down the wrath of Beogh upon you.
Something smites you!
You die...

... ######...
#....#... #....##'#
#....##.# #....##o#
#....##.#
#########....##.#.#..#
+....@.oo....o........
#########....##.####.#
#..........+..#
#.#####....#### #....#
#....# #....####.#
####......# #.######


You could see an orc priest and 2 orcs.

Vanquished Creatures
  Terence (D:3)
  5 adders
  A giant gecko (D:2)
  An ooze (D:1)
  3 orcs (D:3)
  A giant cockroach (D:2)
  3 goblins
  7 hobgoblins
  6 jackals
  9 kobolds
  3 quokkas
  A ball python (D:1)
  5 bats
  4 giant newts
  4 rats
54 creatures vanquished.

Notes
Turn   | Place    | Note
--------------------------------------------------------------
     0 | D:1      | PolkaDot, the Human Wanderer, began the quest for the Orb.
     0 | D:1      | Reached XP level 1. HP: 14/14 MP: 2/2
    14 | D:1      | Reached skill level 1 in Polearms
    58 | D:1      | Reached XP level 2. HP: 18/20 MP: 3/3
   507 | D:1      | Reached XP level 3. HP: 20/25 MP: 4/4
   924 | D:2      | Reached XP level 4. HP: 28/32 MP: 6/6
  1290 | D:3      | Noticed Terence
  1301 | D:3      | Gained mutation: You have an increased reservoir of magic (+10% MP). [potion of beneficial mutation]
  1308 | D:3      | Killed Terence
  1431 | D:3      | Reached XP level 5. HP: 26/37 MP: 7/7
  1582 | D:3      | Killed from afar by an orc priest

Action                   |  1- 3 |  4- 6 || total
-------------------------+-------+-------++-------
Melee: Spear             |   123 |    94 ||   217
  Use: Potion            |       |     5 ||     5
